 Dungeon Crawl Stone Soup version 0.28-a0-631-g0446da8ef9 (webtiles) character file.

Game seed: 15347842267727979496

100 Astera the Firebug (level 4, 0/19 (24) HPs)
             Began as a Tengu Fire Elementalist on Oct 9, 2021.
             Was a High Priest of Ignis.
             Slain by Terence (7 damage)
             ... on level 3 of the Dungeon on Oct 10, 2021.
             The game lasted 00:12:52 (3259 turns).

Astera the Firebug (Tengu Fire Elementalist)        Turns: 3259, Time: 00:12:52

HP:   0/19 (24)     AC:  6    Str:  8    XL:     4   Next: 74%
MP:   3/9           EV: 16    Int: 15    God:    Ignis [*****.]
Gold: 125           SH:  0    Dex: 16    Spells: 5/8 levels left

rFire   + . .      SeeInvis .   d - +0 dagger
rCold   . . .      Faith    .   (no shield)
rNeg    . . .      Spirit   .   a - +0 robe
rPois   .          Reflect  .   (helmet restricted)
rElec   .          Harm     .   (no cloak)
rCorr   .          Rampage  .   (no gloves)
Will    .....                   (boots unavailable)
Stlth   ++........              (no amulet)
HPRegen 0.06/turn               b - +4 ring of protection
MPRegen 0.11/turn               f - +4 ring of evasion

@: very slightly contaminated, heavily drained
A: beak, talons 3
a: Renounce Religion, Sea of Fire, Foxfire Swarm, Rising Flame


You were on level 3 of the Dungeon.
You worshipped Ignis.
Ignis was extremely pleased with you.
You visited 1 branch of the dungeon, and saw 3 of its levels.

You collected 125 gold pieces.

Inventory:

Hand Weapons
 d - a +0 dagger (weapon)
Missiles
 c - 2 javelins
Armour
 a - a +0 robe (worn)
Jewellery
 b - a +4 ring of protection (left hand)
 f - a +4 ring of evasion (right hand)
 k - an amulet of regeneration
Wands
 i - a wand of digging (5)
Scrolls
 e - 3 scrolls of noise {unknown}
 g - a scroll of teleportation {unknown}
 h - a scroll of magic mapping {unknown}
 j - a scroll of identify {unknown}
 m - a scroll of enchant weapon {unknown}
Potions
 l - a potion of heal wounds {unknown}


   Skills:
 + Level 0.2 Short Blades
 + Level 2.4 Dodging
 + Level 2.2 Stealth
 + Level 2.9 Spellcasting
 + Level 2.5 Conjurations
 + Level 4.5 Fire Magic


You had 5 spell levels left.
You knew the following spells:

 Your Spells              Type           Power      Damage    Failure   Level
a - Foxfire               Conj/Fire      48%        2x1d6     4%          1
b - Scorch                Fire           30%        2d7       4%          2

Your spell library contained the following spells:

 Spells                   Type           Power      Damage    Failure   Level
 Conjure Flame            Conj/Fire      12%        6-21      14%         3
 Inner Flame              Hex/Fire       9%         N/A       24%         3
 Corpse Rot               Necr/Air       N/A        N/A       30%         2
 Poisonous Vapours        Pois/Air       4%         N/A       30%         2
 Flame Wave               Conj/Fire      12%        3d4       43%         4
 Dispel Undead            Necr           2%         3d7       90%         4
 Death Channel            Necr           1%         N/A       100%        6


Dungeon Overview and Level Annotations

Branches:
Dungeon (3/15)

Altars:
Ignis

Annotations:
D:2 Natasha
D:3 Sigmund, Terence


Innate Abilities, Weirdness & Mutations

You have a beak for a mouth.
You have claws for feet.


Message History

You feel drained.
Casting: Foxfire (safe; 4% risk of failure)
Confirm with . or Enter, or press ? or * to list all spells.
You conjure some foxfire!
The foxfire hits Terence.
Terence is moderately wounded.
The foxfire hits Terence but does no damage.
Terence is moderately wounded.
Terence closely misses you.
The foxfire hits Terence but does no damage.
Terence is moderately wounded.
Terence completely misses you.
Casting: Foxfire (safe; 4% risk of failure)
Confirm with . or Enter, or press ? or * to list all spells.
You conjure some foxfire!
Terence hits you with a +4 short sword of draining.
You feel drained.
Casting: Foxfire (safe; 4% risk of failure)
Confirm with . or Enter, or press ? or * to list all spells.
You conjure some foxfire!
The foxfire hits Terence but does no damage.
Terence is moderately wounded.
Terence barely misses you.
The foxfire hits Terence.
Terence is heavily wounded.
The foxfire hits Terence.
Terence is heavily wounded.
The foxfire hits Terence.
Terence is severely wounded.
Terence zaps a wand.
The puff of flame misses you.
Casting: Foxfire (safe; 4% risk of failure)
Confirm with . or Enter, or press ? or * to list all spells.
You miscast Foxfire.
You are very lightly contaminated with residual magic.
Nothing appears to happen.
Terence zaps a wand.
The puff of flame hits you. You resist.
Casting: Foxfire (safe; 4% risk of failure)
Confirm with . or Enter, or press ? or * to list all spells.
You conjure some foxfire!
Terence hits you with a +4 short sword of draining!
You die...

#........######.# #.#
#........# #.# #.#
...>.....# #.# #.#
####+#+#.######.# #.#
................# #.#
######.#.######.# #.#
.......#.##############.#
..h###.#.......v.@...##.#
...# #.........v@..#.##.#
#+################.#.##.#
#.# #.....#.. ..#.##.#
#.# #.###.#.# .#.#.##.#
#.###.# #.#.# #.#.#.##.#
....(.# #.#.# # #.#.##.#
#.##### #.#.### #.#.##.#
#.# #.#... .#.##.#
#.#######.#.###### #.##.#


You could see Terence (ally target).

Vanquished Creatures
  6 adders
  A dart slug (D:3)
  An orc (D:3)
  6 endoplasms
  3 giant cockroaches
  7 goblins
  A hobgoblin (D:2)
  3 jackals (D:3)
  2 quokkas
  3 ball pythons
  4 bats
  A frilled lizard (D:2)
  3 kobolds
41 creatures vanquished.

Vanquished Creatures (others)
  95 foxfires
95 creatures vanquished.

Grand Total: 136 creatures vanquished

Notes
Turn   | Place    | Note
-------+----------+-------------------------------------------
     0 | D:1      | Astera the Tengu Fire Elementalist began the quest for the
                  | Orb.
     0 | D:1      | Reached XP level 1. HP: 10/10 MP: 4/4
   435 | D:1      | Reached XP level 2. HP: 15/15 MP: 3/6
  1168 | D:2      | Reached skill level 4 in Fire Magic
  1168 | D:2      | Reached XP level 3. HP: 12/19 MP: 0/7
  1171 | D:2      | Learned a level 2 spell: Scorch
  2032 | D:3      | Reached XP level 4. HP: 24/24 MP: 5/8
  2542 | D:3      | Found a faded altar of an unknown god.
  2550 | D:3      | Became a worshipper of Ignis, the Dying Flame
  2551 | D:3      | Upgraded the game from 0.28-a0-630-g0357d9c091 to
                  | 0.28-a0-631-g0446da8ef9
  2724 | D:3      | Noticed Sigmund
  2766 | D:3      | Noticed Natasha
  3249 | D:3      | Noticed Terence
  3259 | D:3      | Slain by Terence

Illustrated notes

Levels and vault maps discovered:
D:1:      wander_arrival_peaceful_grave, layout_loops_ring
D:2:      layout_loops_ring
D:3:      layout_basic, shapermc_ecumenical_altar_totnotflames, uniq_terence,
          uniq_natasha, uniq_sigmund

Skill      XL: |  1  2  3  4 |
---------------+-------------+-----
Fire Magic     | 4 |  4.5
Conjurations   | 2 |  2.5
Short Blades   | |  0.2
Dodging        | |  2.4
Stealth        | |  2.2
Spellcasting   | |  2.9

Action                   |  1- 3 |  4- 6 || total
-------------------------+-------+-------++-------
Melee: Dagger            |    18 |    18 ||    36
       Unarmed           |     1 |       ||     1
       Kick              |     4 |     4 ||     8
       Peck              |     2 |     4 ||     6
 Cast: Foxfire           |    44 |    22 ||    66
       Scorch            |     4 |     6 ||    10
Armor: Robe              |     5 |     5 ||    10
Dodge: Dodged            |    27 |    23 ||    50

Table legend: (Time is in decaauts)
 A = Elapsed time spent in this place.
 B = Non-inter-level travel time spent in this place.
 C = Inter-level travel time spent in this place.
 D = Time resting spent in this place.
 E = Time spent auto-exploring this place.
 F = Levels seen in this place.
 G = Mean time per level.
                   A        B        C        D        E       F      G
               +--------+--------+--------+--------+--------+-----+--------+
         Total |   3251 |   3072 |    179 |    392 |   1804 |   3 | 1083.7 |
       Dungeon |   3251 |   3072 |    179 |    392 |   1804 |   3 | 1083.7 |
               +--------+--------+--------+--------+--------+-----+--------+

Top non-repeatable levels by time:
     D:3: 1118 daAuts
     D:2: 1070 daAuts
     D:1: 1063 daAuts
